 Dungeon Crawl Stone Soup version 0.32-a0-960-g3814254bd7 (webtiles) character file.

Game seed: 8053804013685153311

613 javelincjr the Magician (level 7, -4/51 HPs)
             Began as a Djinni Hedge Wizard on Apr 17, 2024.
             Killed from afar by a white imp (18 damage)
             ... with a puff of frost
             ... on level 4 of the Dungeon.
             The game lasted 00:15:31 (3454 turns).

javelincjr the Magician (Djinni Hedge Wizard)       Turns: 3454, Time: 00:15:31

Health: -4/51      AC:  2    Str:  9    XL:     7   Next: 73%
Gold:   193        EV:  6    Int: 17    God:
                   SH:  0    Dex: 13

rFire   + + .        y - +0 scythe (flame)
rCold   x . .        (shield currently unavailable)
rNeg    . . .        b - +0 robe
rPois   ∞            c - +0 hat
rElec   .            (no cloak)
rCorr   .            (no gloves)
SInv    .            (boots unavailable)
Will    .....        (no amulet)
Stlth   ++           (no ring)
HPRegen 0.28/turn    (no ring)

%: infuse magic (-5 HP)
@: mighty, flying, held
A: sickness immunity, fire resistance 2, cold vulnerability 1, float, innate
caster, HP casting, extra vitality 1
a: no special abilities


You were on level 4 of the Dungeon.
You visited 1 branch of the dungeon, and saw 4 of its levels.

You collected 193 gold pieces.

Inventory:

Hand Weapons
 a - a +0 dagger
 n - a +0 spear
 q - a +1 dagger of holy wrath
 y - a +0 scythe of flaming (weapon)
Missiles
 k - 37 stones
 l - 12 poisoned darts
Armour
 b - a +0 robe (worn)
 c - a +0 hat (worn)
Scrolls
 d - 4 scrolls of enchant armour {unknown}
 e - a scroll of fear {unknown}
 f - a scroll of poison {unknown}
 g - 3 scrolls of summoning {unknown}
 h - 3 scrolls of enchant weapon {unknown}
 i - 3 scrolls of blinking {unknown}
 m - 2 scrolls of identify {unknown}
 o - 2 scrolls of torment {unknown}
 s - 2 scrolls of teleportation {unknown}
 u - a scroll of silence {unknown}
 v - a scroll of fog {unknown}
Potions
 j - a potion of brilliance {unknown}
 p - 2 potions of heal wounds {unknown}
 r - 3 potions of might
 t - a potion of haste
 w - a potion of enlightenment {unknown}
 x - 2 potions of mutation {unknown}


   Skills:
 * Level 3.7 Fighting
 + Level 4.3 Dodging
 + Level 3.4 Stealth
 * Level 4.6 Spellcasting
 * Level 4.6 Conjurations
 * Level 4.6 Hexes
   Level 0.0 Charms
 * Level 4.6 Summonings
 * Level 4.6 Necromancy
 * Level 4.6 Translocations
   Level 0.0 Transmutations
 * Level 4.6 Fire Magic
 * Level 4.6 Ice Magic
 * Level 4.6 Air Magic
 * Level 4.6 Earth Magic
 * Level 4.6 Alchemy


You knew the following spells:

 Your Spells              Type           Power      Damage    Failure   Level
a - Magic Dart            Conj           76%        1d6       2%          1
b - Slow                  Hex            76%        N/A       2%          1
c - Blink                 Tloc           38%        N/A       3%          2
d - Call Imp              Summ           38%        N/A       3%          2
e - Mephitic Cloud        Conj/Alch/Air  19%        N/A       6%          3
f - Shock                 Conj/Air       76%        1d7       2%          1
g - Lesser Beckoning      Tloc           38%        N/A       3%          2
h - Jinxbite              Hex            38%        N/A       3%          2
Your spell library was empty.

Dungeon Overview and Level Annotations

Branches:
Dungeon (4/15)
 Temple: D:4-7

Altars:
Nemelex Xobeh


Innate Abilities, Weirdness & Mutations

You are immune to sickness and miasma.
You are immune to poison.
Your flesh is very heat resistant. (rF++)
You are vulnerable to cold. (rC-)
You float through the air rather than walking.
You learn spells naturally, not from books.
Your magical power is your life essence.
You have superior vitality. (+4 MHP)


Message History

You barely miss the gnoll bouda. The white imp gestures at you.
The puff of frost hits you!
You feel a terrible chill!
The gnoll bouda is engulfed in noxious fumes.
The gnoll bouda appears confused.
The gnoll bouda is engulfed in noxious fumes.
A gnoll comes into view.
It is wielding a +0 flail and quivering a throwing net.
You slash the gnoll bouda! You burn the gnoll bouda.
The gnoll bouda is heavily wounded.
The gnoll bouda is engulfed in noxious fumes.
The gnoll bouda appears confused.
The gnoll bouda closely misses you.
You barely miss the gnoll bouda.
The gnoll bouda is heavily wounded.
The white imp gestures at you. The puff of frost hits you!
You feel a terrible chill!
The gnoll bouda is engulfed in noxious fumes.
The gnoll bouda appears confused.
A crimson imp comes into view.
Casting: Mephitic Cloud (dangerous; 6% risk of failure)
Confirm with . or Enter, or press ? or * to list all spells.
A tiny devil pulls itself out of the air.
The white imp gestures at you. The puff of frost misses you.
The gnoll throws a throwing net.
The throwing net hits you.
You become entangled in the net!
You struggle against the net.
The white imp summons a swarm of flies.
The white imp gestures at you. The puff of frost hits you.
You feel a terrible chill!
The crimson imp blinks!
You struggle against the net.
Your cerulean imp hits the gnoll from afar with a -3 spear.
You struggle against the net.
Your cerulean imp hits the crimson imp but does no damage.
The white imp gestures at you. The puff of frost hits you!
You feel a terrible chill!
* * * LOW HITPOINT WARNING * * *
It was a potion of might.
You feel very mighty all of a sudden. The white imp gestures at you.
The puff of frost hits you!!
You feel a terrible chill!
You die...

##(.:## ##....# #..≈..#
#.###.# ##.# #.≈≈≈.#
###.#.##.# ....#.≈≈≈.#
..###.#.. #...#.≈≈≈.#
###.#.#### ###...#..≈..#
#.## #.....##.5.# #
##.## #.#....#...#..#
#...#
..[.g..##@##..#####...#
#...#5#..........)#
#...§5....#.##.#..# ##
####.g......#.##.#..#...
#.#..............#...<..
#....#.#...####.#.##...
## ##..##.##..##.....#
### #.#
#..#...#.......###
#.###.##...##.##.#.#


You could see a gnoll, a crimson imp, a white imp and a friendly cerulean imp
(summoned).

Vanquished Creatures
  A water moccasin skeleton (D:3)
  An orc priest (D:4)
  2 iguanas (D:4)
  2 scorpion zombies (D:3)
  A hound skeleton (D:3)
  Robin (D:2)
  7 adders
  7 gnolls
  An adder zombie (D:3)
  An adder skeleton (D:3)
  A dart slug (D:3)
  2 orcs (D:4)
  6 ball pythons
  4 bats
  6 endoplasms
  3 giant cockroaches
  15 goblins
  5 hobgoblins
  4 quokkas
  4 frilled lizards (D:1)
  7 kobolds
  A quokka zombie (D:3)
  7 rats
89 creatures vanquished.

Vanquished Creatures (collateral kills)
  Sigmund (D:3)
  A gnoll (D:3)
  An adder (D:3)
  2 adder zombies (D:3)
  A dart slug (D:2)
  A ribbon worm (D:3)
  An orc (D:4)
  A hobgoblin (D:2)
  A kobold (D:4)
  A frilled lizard (D:2)
11 creatures vanquished.

Grand Total: 100 creatures vanquished

Notes
Turn   | Place    | Note
-------+----------+-------------------------------------------
     0 | D:1      | javelincjr the Djinni Hedge Wizard began the quest for the
                  | Orb.
     0 | D:1      | javelincjr set off with the following spells memorised:
                  | Magic Dart, Slow, Blink, Call Imp, Mephitic Cloud.
     0 | D:1      | Reached XP level 1. HP: 15/15 MP: 0/0
   134 | D:1      | Reached XP level 2. HP: 18/21 MP: 0/0
   166 | D:1      | HP: 1/21 [quokka (2)]
   677 | D:2      | Reached XP level 3. HP: 25/25 MP: 0/0
   677 | D:2      | Learned a level 1 spell: Shock
   708 | D:2      | Reached XP level 4. HP: 6/31 MP: 0/0
   833 | D:2      | Noticed Robin
   841 | D:2      | Killed Robin
  1079 | D:2      | Reached skill level 1 in Fighting
  1079 | D:2      | Reached XP level 5. HP: 26/37 MP: 0/0
  1079 | D:2      | Learned a level 2 spell: Lesser Beckoning
  1724 | D:3      | Reached XP level 6. HP: 16/43 MP: 0/0
  2347 | D:3      | Found a sparkling altar of Nemelex Xobeh.
  2415 | D:3      | Noticed Sigmund
  2434 | D:3      | Killed Sigmund
  2435 | D:3      | Reached XP level 7. HP: 29/50 MP: 0/0
  2435 | D:3      | Learned a level 2 spell: Jinxbite
  3350 | D:4      | Found Puneqeyfiel's Book Emporium.
  3454 | D:4      | Killed from afar by a white imp

Illustrated notes

Levels and vault maps discovered:
D:1:      reono_arrival_mine, layout_rooms
D:2:      layout_loops_ring, uniq_robin
D:3:      layout_loops_ring, mainiacjoe_overflow_paths, serial_undead,
          serial_undead_c, serial_undead_d, serial_undead_c, serial_undead_b,
          serial_undead_e, serial_undead_f, nicolae_grassy_gnolls, uniq_sigmund
D:4:      layout_loops_cross, serial_shops, shop, minmay_fire_ice_demons

Skill      XL: |  1  2  3  4  5  6 |
---------------+-------------------+-----
Stealth        | 2 3 |  3.4
Dodging        | 3 4 |  4.3
Fighting       | 1 2 3 |  3.7
Spellcasting   | 4 |  4.6
Conjurations   | 4 |  4.6
Hexes          | 4 |  4.6
Summonings     | 4 |  4.6
Necromancy     | 4 |  4.6
Translocations | 4 |  4.6
Fire Magic     | 4 |  4.6
Ice Magic      | 4 |  4.6
Air Magic      | 4 |  4.6
Earth Magic    | 4 |  4.6
Alchemy        | 4 |  4.6

Action                     |  1- 3 |  4- 6 |  7- 9 || total
---------------------------+-------+-------+-------++-------
  Melee: Dagger            |    33 |       |       ||    33
         Spear             |       |    93 |       ||    93
         Halberd           |       |       |    47 ||    47
   Cast: Magic Dart        |    30 |    10 |       ||    40
         Call Imp          |     3 |    14 |     7 ||    24
         Shock             |     7 |    74 |    10 ||    91
         Mephitic Cloud    |       |     6 |     4 ||    10
         Slow              |       |     1 |       ||     1
    Use: Potion            |     1 |       |     1 ||     2
   Stab: Sleeping          |       |     2 |     2 ||     4
         Confused          |       |     1 |     1 ||     2
         Distracted        |       |       |     1 ||     1
 Armour: Robe              |    16 |    48 |    27 ||    91
  Dodge: Dodged            |    22 |    60 |    24 ||   106

Table legend: (Time is in decaauts)
 A = Elapsed time spent in this place.
 B = Non-inter-level travel time spent in this place.
 C = Inter-level travel time spent in this place.
 D = Time resting spent in this place.
 E = Time spent auto-exploring this place.
 F = Levels seen in this place.
 G = Mean time per level.
                   A        B        C        D        E       F      G
               +--------+--------+--------+--------+--------+-----+--------+
         Total |   3469 |   3422 |     47 |    249 |   2451 |   4 |  867.2 |
       Dungeon |   3469 |   3422 |     47 |    249 |   2451 |   4 |  867.2 |
               +--------+--------+--------+--------+--------+-----+--------+

Top non-repeatable levels by time:
     D:3: 1156 daAuts
     D:2: 996 daAuts
     D:4: 708 daAuts
     D:1: 607 daAuts
